 Dungeon Crawl Stone Soup version 0.28-a0-556-gab23d0e057 (webtiles) character file.

Game seed: 9591567874483794362

15442 robertstho the Thaumaturge (level 12, 0/84 HPs)
             Began as a Djinni Fire Elementalist on Sept 28, 2021.
             Was an Initiate of Gozag.
             Slain by a freezing wraith (2 damage)
             ... in an ice cave.
             The game lasted 00:20:34 (15492 turns).

robertstho the Thaumaturge (DjFE)                  Turns: 15492, Time: 00:20:35

Health: 0/84       AC:  7    Str:  7    XL:     12   Next: 57%
Gold:   699        EV: 13    Int: 21    God:    Gozag SH:  0 Dex: 15

rFire   + + +      SeeInvis .   f - +10 battleaxe "Gisk" {holy, *Rage rC+ rN+}
rCold   + . .      Faith    .   (shield currently unavailable)
rNeg    + + .      Spirit   .   J - +0 robe of Wavom {rN+}
rPois   ∞          Reflect  .   e - +0 helmet
rElec   +          Harm     .   F - +1 cloak {Stlth+}
rCorr   +          Rampage  .   p - +1 pair of gloves
Will    +....      Rage     20% (boots unavailable)
Stlth   +++.......              u - amulet of the Air {Inacc Air Fly rElec RMsl}
HPRegen 0.24/turn               g - ring of resist corrosion
MPRegen 0.00/turn               z - ring of protection from fire

@: mighty, resistant, gold aura, flying, slowed, repel missiles, very slow
A: sickness immunity, fire resistance 2, cold vulnerability 1, float, innate
caster, hp casting, extra vitality 1
a: Renounce Religion, Potion Petition, Call Merchant, Bribe Branch


You were in an ice cave.
You worshipped Gozag.
Gozag was pleased with you.
You visited 2 branches of the dungeon, and saw 12 of its levels.
You also visited: Ice Cave.

You collected 2033 gold pieces.
You spent 488 gold pieces at shops.
You paid 846 gold pieces to Gozag.

Inventory:

Hand Weapons
 f - the +10 battleaxe "Gisk" (weapon) {holy, *Rage rC+ rN+}
   (You found it on level 8 of the Dungeon)

   It has been blessed by the Shining One to cause great damage to the undead
   and demons.
   rC:        It protects you from cold.
   rN:        It protects you from negative energy.
   *Rage:     It lets you go berserk by making a melee attack (+20% chance).
 h - a +1 dagger of draining
 r - a +0 dagger of speed
 x - the +5 hand axe of Interdependent Arising {antimagic, Fly Str+7}
   (You found it on level 8 of the Dungeon)

   It reduces the magical energy of the wielder, and disrupts the spells and
   magical abilities of those it strikes.
   Natural abilities and divine invocations are not affected.
   Str:       It affects your strength (+7).
   Fly:       It grants you flight.
Armour
 e - a +0 helmet (worn)
 p - a +1 pair of gloves (worn)
 F - a +1 cloak of stealth (worn)
 J - the +0 robe of Wavom (worn) {rN+}
   (You bought it in a shop on level 9 of the Dungeon)

   rN:        It protects you from negative energy.
 L - a +0 buckler
 M - a +0 buckler of cold resistance
Jewellery
 g - a ring of resist corrosion (left hand)
 u - the amulet of the Air (around neck) {Inacc Air Fly rElec RMsl}
   (You found it on level 4 of the Dungeon)

   [amulet of nothing]

   It reduces the accuracy of all your attacks.
   It enhances your air magic.
   rElec:     It insulates you from electricity.
   Fly:       It grants you flight.
   RMsl:      It protects you from missiles.
 z - a ring of protection from fire (right hand)
Wands
 b - a wand of acid (4)
 t - a wand of paralysis (3)
 y - a wand of iceblast (19)
 G - a wand of digging (6)
Scrolls
 c - a scroll of silence
 d - 6 scrolls of teleportation
 i - a scroll of vulnerability {unknown}
 q - 3 scrolls of enchant armour {unknown}
 s - a scroll of blinking {unknown}
 v - a scroll of immolation {unknown}
 w - a scroll of fog
 D - a scroll of fear
 E - 4 scrolls of magic mapping
 H - a scroll of brand weapon
 K - a scroll of summoning {unknown}
Potions
 a - a potion of invisibility {unknown}
 j - 3 potions of curing {unknown}
 k - 5 potions of lignification
 l - 2 potions of haste
 m - 2 potions of brilliance {unknown}
 n - a potion of heal wounds {unknown}
 o - a potion of ambrosia
 A - 2 potions of berserk rage
 B - 2 potions of mutation


   Skills:
 * Level 6.9 Fighting
 + Level 0.2 Short Blades
 + Level 1.0 Axes
 + Level 2.7 Dodging
 + Level 3.3 Stealth
 + Level 0.2 Shields
 * Level 13.9 Spellcasting


You had 10 spell levels left.
You knew the following spells:

 Your Spells              Type           Power      Damage    Failure   Level
a - Foxfire               Conj/Fire      100%       2x1d9     0%          1
b - Scorch                Fire           100%       2d10      1%          2
c - Conjure Flame         Conj/Fire      65%        6-21      1%          3
d - Inner Flame           Hex/Fire       65%        N/A       1%          3
e - Flame Wave            Conj/Fire      65%        3d12      1%          4
f - Apportation           Tloc           100%       N/A       0%          1
g - Ensorcelled Hibernat  Hex/Ice        100%       N/A       1%          2
h - Tukima's Dance        Hex            65%        N/A       1%          3
i - Summon Lightning Spi  Summ/Air       83%        N/A       1%          4
j - Lee's Rapid Deconstr  Erth           32%        3d18*     1%          5
Your spell library was empty.

Dungeon Overview and Level Annotations

Branches:
Dungeon (10/15)            Temple (0/1) D:6            Lair (2/6) D:9
  Swamp (0/4) Lair:2        IceCv (1/1)
  Snake: Lair:2-4    Spider: Lair:2-4       Orc: D:9-12

Altars:
Ashenzari
Elyvilon
Gozag
Hepliaklqana
Makhleb
Okawaru
Qazlal
Ru
Trog
Vehumet
Yredelemnul
The Shining One

Shops:
D:9 :[

Annotations:
D:7 3 runed translucent doors, demibob's ghost, novice DsGl
D:9 1 runed translucent door


Innate Abilities, Weirdness & Mutations

You are immune to sickness and miasma.
You are immune to poison.
Your flesh is very heat resistant. (rF++)
You are vulnerable to cold. (rC-)
You float through the air rather than walking.
You learn spells naturally, not from books.
Your magical power is your life essence.
You have superior vitality. (+4 HP)


Message History

The freezing wraith drains your lightning spire's vigour!
The ice devil hits your lightning spire!
The ice devil freezes your lightning spire.
Your lightning spire resists.
Your lightning spire shoots out a bolt of lightning at the freezing wraith!
The bolt of electricity hits the freezing wraith!
You feel protected.
A death yak simulacrum comes into view.
The ice devil hits your lightning spire but does no damage.
Casting: Scorch (safe; 1% risk of failure)
Confirm with . or Enter, or press ? or * to list all spells.
Casting: Flame Wave (safe; 1% risk of failure)
Press: ? - help, Dir - look around, f - activate A wave of flame ripples out!
The flame wave engulfs the freezing wraith!!
The freezing wraith is burned terribly!
The freezing wraith is almost destroyed.
The flame wave engulfs the freezing wraith!!
The freezing wraith is burned terribly!
You destroy the freezing wraith! (Press . to intensify the flame waves.)
The freezing wraith closely misses you. The freezing wraith hits you.
* * * LOW HITPOINT WARNING * * *
The freezing wraith drains your vigour!
You feel yourself slow down.
The ice devil hits your lightning spire!
The ice devil freezes your lightning spire.
Your lightning spire resists.
Your lightning spire shoots out a bolt of lightning at the ice devil!
The bolt of electricity hits the ice devil!!
The freezing wraith hits you!
* * * LOW HITPOINT WARNING * * *
The freezing wraith freezes you! You resist.
* * * LOW HITPOINT WARNING * * *
The freezing wraith hits you.
* * * LOW HITPOINT WARNING * * *
It was a potion of might.
You feel very mighty all of a sudden. The freezing wraith hits you.
You die...
Your body crumbles into a pile of gold.

..ZW. #..##
.44...#$..##
#W4..#..# ##..8#4Z#
##.##44# #####
###8.## ##...##
##.$###### #.....#
#4W## #[.#
##..#..####.@###..#
##...##..#
##..#8..##
##...####.##
##......# ##...##
#..## #......##
#...## ##..#
#.......## ##..##
#..###........#
#..######
##..###.......#
#.###...##
#..###.....##...
..##.....##
##..##.....# ..#


You could see an ice devil and a freezing wraith.

Vanquished Creatures
  A catoblepas (Lair:1)
  Nergalle (D:10)
  Maurice (D:8)
  A moth of wrath (D:8)
  A cane toad (Lair:1)
  A black mamba (Lair:1)
  A rime drake (Lair:2)
  2 freezing wraiths (IceCv)
  2 komodo dragons (Lair:1)
  An ice devil (IceCv)
  An entropy weaver simulacrum (IceCv)
  An anaconda simulacrum (IceCv)
  2 blink frogs (Lair:2)
  2 yaks (D:9)
  A death yak simulacrum (IceCv)
  A steam dragon (D:10)
  6 water moccasins
  2 orc warriors
  2 sky beasts
  An ice beast (D:5)
  2 necrophages
  An ogre (D:2)
  4 kobold brigands
  6 bullfrogs
  A scorpion (D:6)
  16 killer bees
  An elephant simulacrum (IceCv)
  A howler monkey (D:8)
  3 wights
  2 centaur zombies
  5 hounds
  3 jellies
  4 orc priests
  A gnoll shaman (D:5)
  5 orc wizards
  Ijyb (D:3)
  An iguana (D:6)
  A troll simulacrum (IceCv)
  3 killer bee zombies
  2 wolf simulacra (IceCv)
  A hound zombie (D:5)
  A hound skeleton (D:5)
  2 howler monkey skeletons (D:5)
  3 gnolls (D:5)
  9 adders
  A naga simulacrum (IceCv)
  A shadow imp (D:6)
  2 white imps
  An ufetubus (IceCv)
  A worm (D:8)
  3 dart slugs
  25 orcs
  4 endoplasms
  2 giant cockroaches (D:1)
  9 hobgoblins
  8 jackals (D:2)
  2 quokkas (D:5)
  4 ball pythons
  5 bats
  2 frilled lizards
  8 goblins
  19 kobolds
  8 rats
215 creatures vanquished.

Vanquished Creatures (collateral kills)
  An ugly thing (IceCv)
  Joseph (D:8)
  A cane toad (Lair:2)
  2 rime drakes (Lair:2)
  A komodo dragon (Lair:2)
  3 ice devils (IceCv)
  An anaconda simulacrum (IceCv)
  A blink frog (Lair:2)
  A basilisk (Lair:1)
  4 yaks (D:9)
  A steam dragon (D:8)
  A death yak simulacrum (IceCv)
  2 acid dragons
  An orc warrior (D:8)
  A centaur (D:6)
  2 bullfrogs
  3 cane toad simulacra (IceCv)
  15 killer bees
  An elephant simulacrum (IceCv)
  4 wights
  An orc wizard (D:8)
  2 spriggan simulacra (IceCv)
  A polar bear simulacrum (IceCv)
  2 white imps
  5 orcs
  9 kobolds
  A foxfire (Lair:2)
68 creatures vanquished.

Vanquished Creatures (others)
  A two-headed ogre (D:8)
  527 foxfires
528 creatures vanquished.

Grand Total: 811 creatures vanquished

Notes
Turn   | Place    | Note
-------+----------+-------------------------------------------
     0 | D:1      | robertstho the Djinni Fire Elementalist began the quest for
                  | the Orb.
     0 | D:1      | Reached XP level 1. HP: 15/15 MP: 0/0
   386 | D:1      | Reached XP level 2. HP: 20/21 MP: 0/0
  1102 | D:2      | Reached skill level 3 in Spellcasting
  1102 | D:2      | Reached XP level 3. HP: 21/26 MP: 0/0
  1102 | D:2      | Learned a level 1 spell: Apportation
  1848 | D:2      | Reached XP level 4. HP: 28/31 MP: 0/0
  2261 | D:2      | Noticed an ogre
  2268 | D:2      | Killed an ogre
  2269 | D:2      | Reached skill level 1 in Fighting
  2269 | D:2      | Reached skill level 4 in Spellcasting
  2269 | D:2      | Reached XP level 5. HP: 30/37 MP: 0/0
  2269 | D:2      | Learned a level 2 spell: Ensorcelled Hibernation
  2722 | D:3      | Found an iron altar of Okawaru.
  2764 | D:3      | Noticed a bullfrog
  2776 | D:3      | Killed a bullfrog
  2777 | D:3      | Reached XP level 6. HP: 26/42 MP: 0/0
  3080 | D:3      | Noticed Ijyb
  3085 | D:3      | Killed Ijyb
  3193 | D:3      | Found a stormy altar of Qazlal.
  3210 | D:3      | Found a basalt altar of Yredelemnul.
  3380 | D:3      | Reached skill level 5 in Spellcasting
  3413 | D:3      | Found a glowing golden altar of the Shining One.
  3766 | D:4      | Reached XP level 7. HP: 42/49 MP: 0/0
  3766 | D:4      | Learned a level 3 spell: Tukima's Dance
  3810 | D:4      | Found a broken altar of Ashenzari.
  3917 | D:4      | Found a hazy altar of Hepliaklqana.
  4360 | D:4      | Found the amulet of the Air {Inacc Air Fly rElec RMsl}
  4426 | D:4      | Reached skill level 6 in Spellcasting
  5468 | D:5      | Entered Level 5 of the Dungeon
  5499 | D:5      | Reached XP level 8. HP: 36/55 MP: 0/0
  5872 | D:5      | Found an opulent altar of Gozag.
  6658 | D:5      | Reached skill level 7 in Spellcasting
  6899 | D:5      | Became a worshipper of Gozag Ym Sagoz the Greedy
  7494 | D:6      | Reached XP level 9. HP: 39/62 MP: 0/0
  7494 | D:6      | Learned a level 4 spell: Summon Lightning Spire
  7761 | D:6      | Reached skill level 8 in Spellcasting
  8001 | D:6      | Found a staircase to the Ecumenical Temple.
  8939 | D:7      | Reached skill level 9 in Spellcasting
  9037 | D:7      | Found a runed translucent gate.
  9037 | D:7      | Found a runed translucent gate.
  9037 | D:7      | Found a runed translucent gate.
  9044 | D:7      | Noticed demibob's ghost (novice DsGl)
  9566 | D:8      | Noticed a moth of wrath
  9569 | D:8      | Found a bloodstained altar of Trog.
  9580 | D:8      | Killed a moth of wrath
  9583 | D:8      | Reached XP level 10. HP: 46/69 MP: 0/0
  9589 | D:8      | Identified the +10 battleaxe "Gisk" {holy, *Rage rC+ rN+}
  9772 | D:8      | Noticed Joseph
  9797 | D:8      | Killed Joseph
 10126 | D:8      | Reached skill level 10 in Spellcasting
 10187 | D:8      | Identified the +5 hand axe of Interdependent Arising
                  | {antimagic, Fly Str+7}
 10344 | D:8      | Found a sacrificial altar of Ru.
 10351 | D:8      | Noticed a two-headed ogre
 10358 | D:8      | Reached skill level 5 in Fighting
 10360 | D:8      | Killed a two-headed ogre
 10738 | D:8      | Noticed Maurice
 10744 | D:8      | Killed Maurice
 10844 | D:9      | Reached skill level 11 in Spellcasting
 10849 | D:9      | Reached XP level 11. HP: 30/76 MP: 0/0
 10849 | D:9      | Learned a level 5 spell: Lee's Rapid Deconstruction
 11217 | D:9      | Found a staircase to the Lair.
 11230 | D:9      | Reached skill level 1 in Axes
 11754 | D:9      | Found a white marble altar of Elyvilon.
 11832 | D:9      | Found a runed translucent door.
 12016 | D:9      | Found Wuaclev's Book Shop.
 12297 | D:9      | Found a burning altar of Makhleb.
 12297 | D:9      | Noticed a sixfirhy
 12301 | D:9      | Bought an embroidered cloak for 165 gold pieces
 12301 | D:9      | Bought a faintly humming ring mail for 198 gold pieces
 12301 | D:9      | Identified the +0 ring mail of Exioll {Harm Rampage rPois
                  | Int-4} (You bought it in a shop on level 9 of the Dungeon)
 12301 | D:9      | Bought a steaming robe for 125 gold pieces
 12301 | D:9      | Identified the +0 robe of Wavom {rN+} (You bought it in a
                  | shop on level 9 of the Dungeon)
 12354 | D:10     | Entered Level 10 of the Dungeon
 12493 | D:10     | Noticed Nergalle
 12506 | D:10     | Killed Nergalle
 12507 | D:10     | Reached skill level 12 in Spellcasting
 12516 | D:10     | Noticed a cyclops
 12774 | Lair:1   | Entered Level 1 of the Lair of Beasts
 13002 | Lair:1   | Noticed a catoblepas
 13016 | Lair:1   | Killed a catoblepas
 14044 | Lair:2   | Found a staircase to the Swamp.
 14048 | Lair:2   | Reached XP level 12. HP: 72/84 MP: 0/0
 14050 | Lair:2   | Reached skill level 13 in Spellcasting
 14287 | Lair:2   | Found a frozen archway.
 14307 | IceCv    | Entered an ice cave
 14540 | IceCv    | HP: 4/84 [elephant simulacrum (30)]
 15491 | IceCv    | HP: 3/84 [freezing wraith (10)]
 15492 | IceCv    | Slain by a freezing wraith

Illustrated notes

Levels and vault maps discovered:
D:1:      minmay_arrival_diagonal_passages, layout_rooms,
          minmay_strange_pillars, minmay_misc_feat_tower, minmay_misc_feat_chi
D:2:      layout_basic
D:3:      layout_basic, yredelemnul_altar_generic, mainiacjoe_overflow_catwalk,
          mainiacjoe_overflow_paths, kennysheep_okawaru_gauntlet, uniq_ijyb
D:4:      cheibrodos_thug_alley, layout_basic,
          mainiacjoe_overflow_six_doors_small, ashenzari_altar_1
D:5:      layout_basic, grunt_gozag_statues, serial_glass, glass_columns_b,
          glass_columns_a, minmay_bent
D:6:      layout_cave_pods, minmay_temple_entry_grid
D:7:      layout_rooms, vehumet_crystals, gammafunk_ghost_necromancy
D:8:      layout_basic, tgw_trog, nicolae_overflow_crystal_walls, uniq_maurice,
          uniq_joseph
D:9:      layout_layer_cave, lemuel_doored_altar, nzn_makhleb_speed_demon,
          dpeg_oklobed_lair, serial_shops, shop
D:10:     layout_cave_pods, nzn_wu_jian_council_hall, serial_bayou_pond_e,
          nicolae_twisting_strands, chequers_serial_rivers_micro_d,
          kennysheep_donut, uniq_nergalle, uniq_grum, uniq_harold
Lair:1:   layout_long_grid, minivault_23, nicolae_lair_grove_arrangements
Lair:2:   layout_cave_shapes, swamp_mist, portal_ice_cave_rime
IceCv:    ice_cave_small_necro

Skill      XL: |  1  2  3  4  5  6  7  8  9 10 11 12 |
---------------+-------------------------------------+-----
Spellcasting   | 3 4 5 6 7 9 11 12 13 | 13.9
Fighting       | 1 2 3 4 5 6 |  6.9
Stealth        | 2 3 |  3.3
Axes           | 1 |  1.0
Short Blades   | |  0.2
Dodging        | |  2.7
Shields        | |  0.2

Action                   |  1- 3 |  4- 6 |  7- 9 | 10-12 || total
-------------------------+-------+-------+-------+-------++-------
Melee: Dagger            |     1 |    14 |     4 |       ||    19
       Battleaxe         |       |       |       |     4 ||     4
 Cast: Foxfire           |    58 |    49 |    68 |   133 ||   308
       Scorch            |    17 |    29 |   129 |   100 ||   275
       Apportation       |     1 |       |     2 |       ||     3
       Ensorcelled Hiber |       |     1 |       |       ||     1
       Flame Wave        |       |       |     5 |     3 ||     8
       Summon Lightning  |       |       |    13 |    41 ||    54
       Lee's Rapid Decon |       |       |       |     2 ||     2
Invok: Call Merchant     |       |       |       |     1 ||     1
  Use: Potion            |       |     3 |       |     4 ||     7
       Scroll            |       |       |     9 |     3 ||    12
 Stab: Sleeping          |       |       |     1 |     1 ||     2
Armor: Robe              |     3 |     5 |    23 |    16 ||    47
       Skin              |       |    24 |       |       ||    24
Dodge: Dodged            |     8 |    30 |    54 |    44 ||   136
       Repelled          |       |       |       |     1 ||     1
Block: Buckler           |       |       |       |     3 ||     3

Table legend: (Time is in decaauts)
 A = Elapsed time spent in this place.
 B = Non-inter-level travel time spent in this place.
 C = Inter-level travel time spent in this place.
 D = Time resting spent in this place.
 E = Time spent auto-exploring this place.
 F = Levels seen in this place.
 G = Mean time per level.
                   A        B        C        D        E       F      G
               +--------+--------+--------+--------+--------+-----+--------+
         Total |  15491 |  15179 |    312 |   1685 |  11722 |  13 | 1191.6 |
       Dungeon |  12773 |  12489 |    284 |    896 |  10146 |  10 | 1277.3 |
          Lair |   1533 |   1505 |     28 |      0 |   1308 |   2 |  766.5 |
      Ice Cave |   1184 |   1184 |      0 |    789 |    268 |   1 | 1184.0 |
               +--------+--------+--------+--------+--------+-----+--------+

Top non-repeatable levels by time:
     D:9: 1779 daAuts
     D:4: 1731 daAuts
     D:6: 1463 daAuts
     D:5: 1446 daAuts
     D:2: 1383 daAuts
     D:8: 1323 daAuts
     D:3: 1274 daAuts
  Lair:1: 1191 daAuts
   IceCv: 1184 daAuts
     D:7: 1115 daAuts
     D:1: 1083 daAuts
  Lair:2: 341 daAuts
    D:10: 171 daAuts
